 Dungeon Crawl Stone Soup version 0.25-a0-464-g3004169c2b (webtiles) character file.

Game seed: 9441997648157337176, levelgen mode: deterministic

17698 mopl the Carver (level 12, -2/95 HPs)
             Began as a Demonspawn Skald on Feb 5, 2020.
             Was a Priest of Makhleb.
             Shot with an arrow by a centaur warrior (21 damage)
             ... on level 12 of the Dungeon.
             The game lasted 00:36:00 (18306 turns).

mopl the Carver (Demonspawn Skald)                 Turns: 18306, Time: 00:36:00

Health: -2/95      AC:  7    Str: 21    XL:     12   Next: 21%
Magic:  20/20      EV: 12    Int: 16    God:    Makhleb [***...]
Gold:   837        SH:  4    Dex: 18    Spells: 8/17 levels left

rFire    . . .     SeeInvis .   a - +2 falchion (flame)
rCold    . . .     Gourm    +   (no shield)
rNeg     + . .     Faith    .   R - +0 ring mail "Edutwygh" {Dex+6 Stlth-} (curse)
rPois    .         Spirit   .   u - +0 Maxwell's etheric cage {RegenMP+ *Contam rElec MP+4}
rElec    +         Reflect  .   P - +0 cloak
rCorr    +         Harm     .   (gloves unavailable)
MR       .....                  (no boots)
Stlth    ..........             r - amulet of the gourmand
HPRegen  0.25/turn              B - ring of resist corrosion MPRegen 0.67/turn*
                                (no ring)

@: mighty, very slightly contaminated, studying Shields, invisible
A: claws 3, large bone plates 1, demonic guardian 1, negative energy resistance
1, powered by pain 2
a: Minor Destruction, Lesser Servant of Makhleb, Renounce Religion


You were on level 12 of the Dungeon.
You worshipped Makhleb.
Makhleb was most pleased with you.
You were very full.

You visited 3 branches of the dungeon, and saw 15 of its levels.
You also visited: Sewer.

You collected 837 gold pieces.

Inventory:

Hand Weapons
 a - a +2 falchion of flaming (weapon)
 b - a +1 dagger of venom
 K - a +3 dagger of electrocution
Missiles
 f - 2 throwing nets
 m - 24 poisoned darts
 w - 3 boomerangs (quivered)
 M - 3 silver javelins
 O - 8 boomerangs of dispersal
 V - 4 atropa-tipped darts
Armour
 u - the +0 Maxwell's etheric cage (worn) {RegenMP+ *Contam rElec MP+4}
   (You took it off Robin on level 3 of the Dungeon)

   It insulates you from electricity.
   It affects your magic capacity (+4).
   It causes magical contamination when unequipped.
   If you remove this armour, your AC will fall 1 point (7 -> 6)
 H - the +2 robe of Impermeability {rF++, unknown}
   (You found it on level 12 of the Dungeon)

   It greatly protects you from fire.
   If you switch to wearing this armour, your AC will fall 1 point (7 -> 6)
 P - a +0 cloak (worn)
 R - the cursed +0 ring mail "Edutwygh" (worn) {Dex+6 Stlth-}
   (You found it on level 11 of the Dungeon)

   It affects your dexterity (+6).
   It makes you less stealthy.
   If you remove this armour, your AC will fall 5 points (7 -> 2) It has a curse
   placed upon it.
 S - a +0 troll leather armour
Jewellery
 r - an amulet of the gourmand (around neck)
 B - a ring of resist corrosion (left claw)
Wands
 e - a wand of iceblast (4)
 l - a wand of acid (9)
 n - a wand of polymorph (23)
 t - a wand of paralysis (12)
 D - a wand of scattershot (6)
 L - a wand of disintegration (15)
 N - a wand of flame (28)
Scrolls
 i - 7 scrolls of teleportation
 o - 5 scrolls of magic mapping
 q - 5 scrolls of blinking
 y - a scroll of noise {unknown}
 z - 2 scrolls of enchant armour {unknown}
 A - 2 scrolls of fear {unknown}
 F - 9 scrolls of remove curse
 I - 3 scrolls of immolation
 T - 3 scrolls of fog {unknown}
 U - 3 scrolls of torment {unknown}
 X - a scroll of acquirement {unknown}
Potions
 d - 2 potions of heal wounds
 g - a potion of haste
 h - 4 potions of brilliance
 j - 3 potions of might
 k - 6 potions of curing
 p - 2 potions of resistance
 s - 3 potions of lignification {!q}
 v - 6 potions of flight
 C - 2 potions of magic
 E - a potion of cancellation
 G - 2 potions of ambrosia
Books
 W - a manual of Shields
Miscellaneous
 x - a fan of gales
 J - a phial of floods
Comestibles
 c - 24 rations


   Skills:
 + Level 9.0 Fighting
 * Level 11.2 Long Blades
 + Level 3.4 Throwing
 + Level 1.3 Armour
 + Level 2.1 Dodging
 + Level 0.4 Shields
 - Level 3.0 Spellcasting
 - Level 3.0 Hexes
 + Level 8.5 Charms
 - Level 2.0 Translocations
 + Level 6.2 Invocations
 + Level 6.6 Evocations


You had 8 spell levels left.
You knew the following spells:

 Your Spells              Type           Power        Failure   Level  Hunger
a - Infusion              Chrm           ####         1%          1    #......
b - Song of Slaying       Chrm           ####....     1%          2    ##.....
c - Spectral Weapon       Hex/Chrm       ###.....     9%          3    ###....
d - Apportation           Tloc           #.....       14%         1    #......
f - Shroud of Golubria    Chrm/Tloc      ###...       5%          2    ##.....

Your spell library contained the following spells:

 Spells                   Type           Power        Failure   Level  Hunger
 Corona                   Hex            ##.....      9%          1    #......
 Ozocubu's Armour         Chrm/Ice       ###.....     16%         3    ###....
 Ensorcelled Hibernation  Hex/Ice        #.....       26%         2    ##.....
 Confusing Touch          Hex            ##......     26%         3    ###....
 Tukima's Dance           Hex            ##......     26%         3    ###....
 Animate Skeleton         Necr           N/A          30%         1    #......
 Summon Small Mammal      Summ           #...         30%         1    #......
 Gell's Gravitas          Tloc           #.........   38%         3    ###....
 Dazzling Flash           Conj/Hex       #.....       45%         3    ###....
 Leda's Liquefaction      Hex/Erth       #.........   86%         4    #####..
 Petrify                  Tmut/Erth      #.......     97%         4    #####..
 Metabolic Englaciation   Hex/Ice        #.........   99%         5    ######.
 Yara's Violent Unravell  Hex/Tmut       #.........   99%         5    ######.
 Bolt of Magma            Conj/Fire/Erth #.........   100%        5    ######.
 Iron Shot                Conj/Erth      #.........   100%        6    #######
 Statue Form              Tmut/Erth      #........    100%        6    #######
 Shatter                  Erth           #.........   100%        9    #######


Dungeon Overview and Level Annotations

Branches:
Dungeon (12/15)            Temple (1/1) D:6            Lair (2/6) D:9
    Orc (0/2) D:12          Sewer (visited)
  Swamp: Lair:2-4    Shoals: Lair:2-4     Snake: Lair:2-4    Spider: Lair:2-4

Altars:
Ashenzari
Cheibriados
Dithmenos
Elyvilon
Fedhas
Gozag
Hepliaklqana
Kikubaaqudgha
Makhleb
Nemelex Xobeh
Okawaru
Qazlal
Ru
Sif Muna
Trog
Uskayaw
Vehumet
Wu Jian
Xom
Yredelemnul
Zin
The Shining One
Beogh


Innate Abilities, Weirdness & Mutations

You have claws for hands.
You are partially covered in large bone plates. (SH +4)
A weak demonic guardian rushes to your aid.
You resist negative energy. (rN+)
You sometimes gain power by taking damage.


Message History

You fade into invisibility!
The purple ugly thing stings your hellwing!
The skeletal warrior hits your white imp with a cursed -2 short sword.
Your white imp gestures at the skeletal warrior.
The puff of frost hits the skeletal warrior but does no damage.
Your hellwing barely misses the skeletal warrior.
Your hellwing hits the skeletal warrior but does no damage.
The centaur warrior unwields a +0 shortbow.
The centaur warrior wields the +7 hand axe of Gloom {vorpal, *Slow rElec Int+3 Stlth+}.
The centaur warrior hits your white imp with the +7 hand axe of Gloom {vorpal, *Slow rElec Int+3 Stlth+}.
Unknown command.
Evoke which item? (* to show all) (? for menu, Esc to quit)
Aiming: Paralyse
Press: ? - help, Shift-Dir - straight line, f - centaur warrior
Aim: a centaur warrior, wielding the +7 hand axe of Gloom {vorpal, *Slow rElec Int+3 Stlth+} and quivering 15 arrows (chance to defeat MR: 49%)
Okay, then.
The centaur warrior unwields the +7 hand axe of Gloom {vorpal, *Slow rElec Int+3 Stlth+}.
The centaur warrior wields a +0 shortbow.
The centaur warrior shoots an arrow.
The arrow hits you!!
You die...

..........# #.###...#
......##..# #.# ##..#
......##..## #.# ##.#
...........####.# ###
.............##.#
....##.......##.#
....##........#.######
#....................###
#.†.............@......#
..†..............#######
.................#
...#.............#
#####............# #
#............# #
#..........54# #
........cuz##
.....#.....###


You could see a purple ugly thing, a skeletal warrior, a centaur warrior, a
friendly hellwing and a friendly white imp.

Vanquished Creatures
  3 hydras
  A centaur warrior (D:12)
  An unseen horror (D:11)
  An ugly thing (D:12)
  A centaur zombie (D:10)
  Maggie (D:10)
  A spiny frog (Lair:2)
  2 trolls
  5 hippogriffs
  A dream sheep (D:8)
  A wyvern (D:9)
  A vampire (D:12)
  16 yaks
  A wraith (D:8)
  A basilisk (Lair:2)
  5 vampire mosquitoes (D:12)
  Menkaure (D:5)
  A warg (D:12)
  A soldier ant (D:11)
  3 water moccasins
  Duvessa (D:4)
  3 porcupines
  8 orc warriors
  3 sky beasts
  3 ice beasts
  A necrophage (D:11)
  An eye of draining (D:8)
  A phantom (D:4)
  5 ogres
  2 wolves (Lair:1)
  A centaur (D:8)
  3 crocodiles (Lair:1)
  3 big kobolds (D:8)
  A wyvern zombie (D:10)
  5 bullfrogs
  A gnoll sergeant (D:10)
  Dowan (D:4)
  5 scorpions
  2 electric eels
  A bullfrog zombie (D:5)
  4 crimson imps
  5 jellies
  7 hounds
  A bullfrog skeleton (D:5)
  6 orc priests
  8 orc wizards
  2 iguanas (D:9)
  Ijyb (D:4)
  6 worker ants
  A hound zombie (D:5)
  A hound skeleton (D:7)
  A worker ant zombie (D:6)
  Robin (D:3)
  A howler monkey skeleton (D:10)
  4 gnolls (D:10)
  A river rat (Sewer)
  18 adders
  A shadow imp (D:8)
  An adder skeleton (D:4)
  4 worms
  3 dart slugs (D:1)
  8 leopard geckos
  52 orcs
  6 bats
  7 giant cockroaches
  16 goblins
  9 hobgoblins
  8 jackals
  7 quokkas
  A ball python (D:4)
  3 frilled lizards
  8 kobolds
  A quokka skeleton (D:4)
  16 rats
318 creatures vanquished.

Vanquished Creatures (collateral kills)
  Erica (D:8)
  A centaur warrior (D:12)
  Pikel (D:7)
  2 centaur skeletons
  A meliai zombie (D:10)
  A dream sheep (D:8)
  A hippogriff (D:7)
  Sigmund (D:4)
  A yak (D:5)
  2 necrophages
  2 ice beasts
  A phantom (D:5)
  A black bear (D:11)
  A centaur (D:5)
  A big kobold (Sewer)
  2 bullfrogs
  2 scorpions (D:4)
  2 howler monkeys (D:5)
  2 orc wizards
  A bullfrog skeleton (D:5)
  2 worker ants
  An adder (D:4)
  A shadow imp (D:6)
  A leopard gecko (D:5)
  5 orcs
  A quokka skeleton (D:5)
38 creatures vanquished.

Vanquished Creatures (others)
  An ice beast (D:7)
  2 slaves (D:7)
  A hungry ghost (D:7)
  A porcupine (D:9)
  2 wolves (Lair:1)
  A hound (D:7)
  An orc priest (D:9)
  A worker ant (D:7)
  6 fungi
16 creatures vanquished.

Grand Total: 372 creatures vanquished

Notes
Turn   | Place    | Note
-------+----------+-------------------------------------------
     0 | D:1      | mopl the Demonspawn Skald began the quest for the Orb.
     0 | D:1      | Reached XP level 1. HP: 16/16 MP: 3/3
    68 | D:1      | Reached skill level 2 in Long Blades
   126 | D:1      | Gained mutation: A weak demonic guardian rushes to your
                  | aid. [demonic ancestry]
   126 | D:1      | Reached XP level 2. HP: 18/22 MP: 5/5
   147 | D:1      | Learned a level 2 spell: Song of Slaying
   150 | D:1      | Learned a level 2 spell: Shroud of Golubria
   972 | D:2      | Found a sacrificial altar of Ru.
   991 | D:2      | Reached XP level 3. HP: 28/28 MP: 6/6
  1298 | D:2      | Reached skill level 3 in Charms
  1450 | D:2      | HP: 1/28 [worm (7)]
  1836 | D:2      | Gained mutation: You have sharp fingernails. [demonic
                  | ancestry]
  1836 | D:2      | Reached XP level 4. HP: 21/34 MP: 0/7
  2159 | D:2      | Reached skill level 1 in Translocations
  2417 | D:3      | Found a sacrificial altar of Ru.
  2483 | D:3      | Noticed Robin
  2499 | D:3      | Killed Robin
  2499 | D:3      | Reached skill level 3 in Long Blades
  3303 | D:3      | Learned a level 3 spell: Spectral Weapon
  3342 | D:4      | Gained mutation: You have very sharp fingernails. [demonic
                  | ancestry]
  3342 | D:4      | Reached XP level 5. HP: 33/40 MP: 8/8
  3448 | D:4      | Noticed Ijyb
  3462 | D:4      | Killed Ijyb
  3462 | D:4      | Reached skill level 3 in Fighting
  3489 | D:4      | HP: 2/41 [poisoned by an adder]
  3779 | D:4      | Noticed Dowan
  3780 | D:4      | Reached skill level 1 in Hexes
  3781 | D:4      | Noticed Duvessa
  3970 | D:4      | Killed Duvessa
  3970 | D:4      | Reached XP level 6. HP: 35/47 MP: 10/10
  3970 | D:4      | Killed Dowan
  3970 | D:4      | Reached skill level 3 in Spellcasting
  3970 | D:4      | Reached skill level 2 in Translocations
  4083 | D:4      | Reached skill level 4 in Long Blades
  4333 | D:4      | Noticed Sigmund
  4348 | D:4      | Killed Sigmund
  4348 | D:4      | Reached skill level 2 in Hexes
  4348 | D:4      | Gained mutation: You have claws for hands. [demonic
                  | ancestry]
  4348 | D:4      | Reached XP level 7. HP: 52/53 MP: 11/11
  4399 | D:4      | Reached skill level 4 in Charms
  4741 | D:4      | Found a glowing golden altar of the Shining One.
  4888 | D:5      | Entered Level 5 of the Dungeon
  4947 | D:5      | Reached skill level 4 in Fighting
  5212 | D:5      | Reached skill level 5 in Long Blades
  5519 | D:5      | Noticed Menkaure
  5531 | D:5      | Killed Menkaure
  5531 | D:5      | Reached skill level 3 in Hexes
  5531 | D:5      | Reached XP level 8. HP: 23/61 MP: 12/12
  5892 | D:5      | Reached skill level 6 in Long Blades
  6083 | D:5      | Found a stormy altar of Qazlal.
  6121 | D:5      | Reached skill level 5 in Fighting
  6121 | D:5      | Reached skill level 5 in Charms
  6535 | D:6      | Found a staircase to the Ecumenical Temple.
  6544 | Temple   | Entered the Ecumenical Temple
  6980 | D:6      | Found a glowing drain.
  6985 | Sewer    | Entered a sewer
  7086 | Sewer    | Found a white marble altar of Elyvilon.
  7551 | D:7      | Reached skill level 7 in Long Blades
  7749 | D:7      | Gained mutation: You are partially covered in large bone
                  | plates. (SH +4) [demonic ancestry]
  7749 | D:7      | Reached XP level 9. HP: 44/68 MP: 13/13
  8228 | D:7      | Found a burning altar of Makhleb.
  8312 | D:7      | Learned a level 1 spell: Apportation
  8428 | D:7      | Noticed Pikel
  8444 | D:7      | Killed Pikel
  8444 | D:7      | Reached skill level 6 in Fighting
  8456 | D:7      | HP: 1/69 [ice beast (10)]
  8466 | D:7      | Reached skill level 1 in Evocations
  8969 | D:8      | Reached skill level 6 in Charms
  9091 | D:8      | Reached skill level 8 in Long Blades
  9110 | D:8      | Reached skill level 2 in Evocations
  9154 | D:8      | Noticed a three-headed hydra
  9158 | D:8      | Killed a one-headed hydra
  9158 | D:8      | Reached skill level 3 in Evocations
  9158 | D:8      | Gained mutation: You sometimes gain a little power by
                  | taking damage. [demonic ancestry]
  9158 | D:8      | Reached XP level 10. HP: 54/77 MP: 14/14
  9280 | D:8      | Reached skill level 7 in Fighting
  9545 | D:8      | Reached skill level 9 in Long Blades
 10218 | D:8      | Reached skill level 4 in Evocations
 10292 | D:8      | Found a roughly hewn altar of Beogh.
 10307 | D:8      | Reached skill level 7 in Charms
 10790 | D:7      | Became a worshipper of Makhleb the Destroyer
 10991 | D:8      | Noticed Erica
 11039 | D:9      | Reached skill level 1 in Invocations
 11126 | D:9      | Found an iron altar of Okawaru.
 11292 | D:8      | Killed Erica
 11394 | D:8      | Reached skill level 2 in Invocations
 11843 | D:9      | Reached skill level 10 in Long Blades
 11852 | D:9      | Reached skill level 3 in Invocations
 11852 | D:9      | Reached skill level 5 in Evocations
 12207 | D:9      | HP: 3/80 [orc priest/divine providence (12)]
 12574 | D:9      | Gained mutation: You sometimes gain power by taking damage.
                  | [demonic ancestry]
 12574 | D:9      | Reached XP level 11. HP: 45/86 MP: 15/15
 12904 | D:9      | Found a staircase to the Lair.
 12982 | D:9      | Reached * piety under Makhleb
 13338 | D:9      | Found a shimmering altar of Xom.
 13339 | D:9      | Found a sparkling altar of Nemelex Xobeh.
 13340 | D:9      | Found a bloodstained altar of Trog.
 13340 | D:9      | Found an ornate altar of the Wu Jian Council.
 13340 | D:9      | Found a snail-covered altar of Cheibriados.
 13340 | D:9      | Found a hazy altar of Hepliaklqana.
 13346 | D:9      | Reached skill level 8 in Fighting
 13583 | D:9      | Found a shadowy altar of Dithmenos.
 13781 | D:10     | Entered Level 10 of the Dungeon
 14117 | D:10     | Noticed Maggie
 14136 | D:10     | Killed Maggie
 14136 | D:10     | Reached skill level 1 in Throwing
 14136 | D:10     | Reached skill level 4 in Invocations
 14961 | Lair:1   | Entered Level 1 of the Lair of Beasts
 15062 | Lair:1   | Reached ** piety under Makhleb
 15163 | Lair:1   | HP: 4/87 [wolf (10)]
 15344 | Lair:1   | Reached skill level 2 in Throwing
 15472 | Lair:1   | Noticed a six-headed hydra
 15496 | Lair:1   | Killed a one-headed hydra
 15496 | Lair:1   | Reached skill level 8 in Charms
 15496 | Lair:1   | Reached skill level 5 in Invocations
 15536 | Lair:1   | Noticed an eight-headed hydra
 15561 | Lair:1   | Killed an eight-headed hydra
 15623 | Lair:1   | Reached skill level 6 in Evocations
 16459 | D:11     | Killed an unseen horror
 16459 | D:11     | Reached skill level 11 in Long Blades
 16664 | D:11     | Got a faintly humming ring mail
 16675 | D:11     | Identified the cursed +0 ring mail "Edutwygh" {Dex+6
                  | Stlth-} (You found it on level 11 of the Dungeon)
 16852 | D:12     | Noticed a centaur warrior
 16870 | D:12     | Reached skill level 3 in Throwing
 16885 | D:12     | Killed a centaur warrior
 16888 | D:12     | Gained mutation: You resist negative energy. (rN+) [demonic
                  | ancestry]
 16888 | D:12     | Reached XP level 12. HP: 54/94 MP: 16/16
 17331 | D:11     | Reached skill level 6 in Invocations
 17662 | D:12     | Got a crude robe
 17686 | D:12     | Found a staircase to the Orcish Mines.
 17696 | D:12     | Reached *** piety under Makhleb
 17730 | D:12     | Reached skill level 1 in Armour
 18033 | D:12     | Reached skill level 2 in Dodging
 18266 | D:12     | Noticed a centaur warrior
 18273 | D:12     | Identified the +7 hand axe of Gloom {vorpal, *Slow rElec
                  | Int+3 Stlth+}
 18273 | D:12     | Noticed a centaur warrior
 18275 | D:12     | Identified the +5 scimitar of Psychosis {vorpal, *Corrode
                  | rElec rF+++ rC-}
 18288 | D:12     | Killed a centaur warrior
 18288 | D:12     | Reached skill level 9 in Fighting
 18306 | D:12     | Shot with an arrow by a centaur warrior

Levels and vault maps discovered:
D:1:      onia_arrival_pentagram, layout_basic
D:2:      layout_loops_corners, nicolae_ru_sacrificial_ziggurat
D:3:      layout_loops_ring, marbit_many_paths, serial_park_tiny_1,
          guppyfry_early_lair_pool, uniq_robin
D:4:      minmay_clustersquares, layout_rooms, tso_altar, first_ration,
          serial_glass, glass_columns_c, glass_columns_a, minmay_cupped,
          uniq_duvessa, uniq_ijyb, uniq_sigmund
D:5:      cheibrodos_fzero, layout_basic, lemuel_coloured_pillars_altar,
          nrook_loot_triangle, grunt_ministairs_8, uniq_menkaure
D:6:      layout_rooms, minmay_temple_entry_arrows, portal_sewer_entry_e
D:7:      layout_basic, makhleb_blood_cavern_becter, minmay_crystal_water,
          uniq_pikel
D:8:      layout_loops_corners, special_room [special_room_orc], hangedman_ranch
          [blue_anna_fruit_fields], lightli_minifort, uniq_erica
D:9:      layout_roguey, nicolae_overflow_crystal_walls,
          grunt_temple_overflow_open, grunt_lair_entry_orc_guard_hut
D:10:     layout_stronghold, uniq_maggie
D:11:     layout_loops_ring
D:12:     layout_cave_pods, erik_orc_4, minmay_the_grid_square_5x5_3x3_mashed
          [minmay_the_grid_square_5x5_seven, minmay_the_grid_square_5x5_z,
          minmay_the_grid_square_5x5_three_walls,
          minmay_the_grid_square_5x5_checkered_sparse,
          minmay_the_grid_square_5x5_megaprize_open,
          minmay_the_grid_square_5x5_beaten_path,
          minmay_the_grid_square_5x5_minimal, minmay_the_grid_square_5x5_eight,
          minmay_the_grid_square_5x5_shuriken]
Temple:   eino_temple_lava
Lair:1:   layout_chaotic_city, chequers_serial_rivers_small_a
Lair:2:   regret_index_combs_of_tragedy, layout_gridlike,
          minmay_shoals_entry_hut, infiniplex_staircase_pool_2

Skill      XL: |  1  2  3  4  5  6  7  8  9 10 11 12 |
---------------+-------------------------------------+-----
Long Blades    | 2 3 4 5 7 8 10 11 | 11.2
Charms         | 3 4 5 6 7 8 |  8.5
Translocations | 1 2 |  2.0
Fighting       | 3 4 5 6 7 8 9 |  9.0
Hexes          | 1 2 3 |  3.0
Spellcasting   | 3 |  3.0
Evocations     | 3 5 6 |  6.6
Invocations    | 3 5 6 |  6.2
Throwing       | 3 |  3.4
Armour         | 1 |  1.3
Dodging        | 2 |  2.1
Shields        | |  0.4

Action                   |  1- 3 |  4- 6 |  7- 9 | 10-12 || total
-------------------------+-------+-------+-------+-------++-------
Melee: Falchion          |   121 |   171 |   255 |   803 ||  1350
       Long sword        |       |       |   196 |       ||   196
Throw: Dart              |       |     3 |     2 |     9 ||    14
       Boomerang         |       |       |       |    14 ||    14
 Cast: Infusion          |     3 |     5 |    21 |    14 ||    43
       Song of Slaying   |       |     4 |     8 |    16 ||    28
       Shroud of Golubri |       |       |     7 |    22 ||    29
       Spectral Weapon   |       |       |       |     1 ||     1
Invok: Lesser Servant of |       |       |       |     3 ||     3
Evoke: Wand              |       |     4 |     1 |    18 ||    23
       Phial of floods   |       |       |       |     1 ||     1
  Use: Potion            |       |     1 |       |     3 ||     4
       Scroll            |       |     1 |    13 |     9 ||    23
 Stab: Distracted        |       |       |     1 |     8 ||     9
  Eat: Chunk             |     2 |     9 |    18 |    37 ||    66
       Ration            |       |       |       |     1 ||     1
Armor: Leather armour    |     8 |       |       |       ||     8
       Ring mail         |    55 |    81 |   152 |   132 ||   420
       Troll leather arm |       |       |       |    58 ||    58
Dodge: Dodged            |    93 |   139 |   214 |   372 ||   818
Block: Other             |       |       |    21 |   140 ||   161
       Rpst.: Falchion   |    30 |    49 |    39 |    97 ||   215
       Long sword        |       |       |    25 |       ||    25

Table legend:
 A = Non-vault XP
 B = Vault XP
 C = Vault XP percentage of total XP
 D = Non-vault monster count
 E = Vault monster count
 F = Vault count percentage of total count
                 A         B        C        D         E       F
            +---------+---------+-------+---------+---------+-------
      Total |   17995 |    7288 |  28.8 |     239 |     121 |  33.6
            +---------+---------+-------+---------+---------+-------
        D:1 |      32 |       0 |   0.0 |      17 |       0 |   0.0
        D:2 |      79 |       0 |   0.0 |      18 |       0 |   0.0
        D:3 |      41 |      39 |  48.8 |      17 |      14 |  45.2
        D:4 |     309 |     527 |  63.0 |      14 |      13 |  48.1
        D:5 |     342 |     691 |  66.9 |      19 |      10 |  34.5
        D:6 |     413 |      26 |   5.9 |      14 |       8 |  36.4
        D:7 |     693 |     449 |  39.3 |      12 |       3 |  20.0
        D:8 |    1725 |    3533 |  67.2 |      33 |      38 |  53.5
        D:9 |    2441 |     636 |  20.7 |      23 |       6 |  20.7
       D:10 |    3086 |     310 |   9.1 |      25 |       1 |   3.8
       D:11 |    2370 |      43 |   1.8 |      14 |       2 |  12.5
       D:12 |    2708 |     923 |  25.4 |      15 |      15 |  50.0
     Lair:1 |    3038 |       0 |   0.0 |      14 |       0 |   0.0
     Lair:2 |     718 |       0 |   0.0 |       4 |       0 |   0.0
      Sewer |       0 |     111 | 100.0 |       0 |      11 | 100.0
            +---------+---------+-------+---------+---------+-------
